 Dungeon Crawl Stone Soup version 0.31.0-32-g396128a36d (webtiles) character file.

Game seed: 281952991172021233

55 MisterFreud the Trooper (level 3, -15/37 HPs)
             Began as a Minotaur Fighter on Apr 1, 2024.
             Demolished by Crazy Yiuf
             ... wielding a +3 quarterstaff of chaos
              (16 damage)
             ... on level 2 of the Dungeon.
             The game lasted 00:01:09 (1176 turns).

MisterFreud the Trooper (Minotaur Fighter)          Turns: 1176, Time: 00:01:11

Health: -15/37     AC:  6    Str: 22    XL:     3   Next: 67%
Magic:  2/2        EV:  9    Int:  5    God:
Gold:   112        SH:  4    Dex:  9    Spells: 2/2 levels left

rFire   . . .        a - +0 long sword
rCold   . . .        c - +0 buckler
rNeg    . . .        b - +0 scale mail
rPois   .            (helmet restricted)
rElec   .            (no cloak)
rCorr   .            (no gloves)
SInv    .            (no boots)
Will    .....        (no amulet) Stlth
                     (no ring)
HPRegen 0.26/turn    (no ring)
MPRegen 0.08/turn

%: no passive effects
@: no status effects
A: horns 2, retaliatory headbutt
a: no special abilities


You were on level 2 of the Dungeon.
You visited 1 branch of the dungeon, and saw 2 of its levels.

You collected 112 gold pieces.

Inventory:

Hand Weapons
 a - a +0 long sword (weapon)
 h - a +2 heavy hammer
Armour
 b - a +0 scale mail (worn)
 c - a +0 buckler (worn)
Scrolls
 e - a scroll of immolation {unknown}
 g - a scroll of fear {unknown}
Potions
 d - a potion of might
 f - a potion of enlightenment {unknown}


   Skills:
 * Level 5.7 Fighting
 - Level 2.4 Long Blades
 - Level 3.6 Armour
 - Level 3.6 Shields


You had 2 spell levels left.
You didn't know any spells.
Your spell library contained the following spells:

 Spells                   Type           Power      Damage    Failure   Level
 Tukima's Dance           Hex            0%         N/A       99%         3
 Dimensional Bullseye     Hex/Tloc       0%         N/A       100%        4
 Iskenderun's Mystic Bla  Conj/Tloc      0%         2d3       100%        4


Dungeon Overview and Level Annotations

Branches:
Dungeon (2/15)

Altars:

Annotations:
D:2 Crazy Yiuf


Innate Abilities, Weirdness & Mutations

You have a pair of horns on your head.
You reflexively headbutt those who attack you in melee.


Message History

You kill the gnoll!
The rat bites you but does no damage.
You barely miss the rat. The rat closely misses you.
You hit the rat.
You kill the rat!
You see here a +0 spear.
There is a stone staircase leading down here.
You start resting.
HP restored.
You see here a +3 spear of venom.
Found a stone staircase leading down.
No target in view!
There is a stone staircase leading down here.
Found a hammer.
No target in view!
You see here a +2 heavy hammer.
No target in view!
No target in view!
h - a +2 heavy hammer
Found three hammers.
Found a runed translucent door.
You see here a +0 hammer.
Crazy Yiuf shouts!
You see here a +0 hammer.
Found a hammer.
You open the door. You barely miss Crazy Yiuf.
Crazy Yiuf says, "Action alas infinity!"
Crazy Yiuf hits you with a +3 quarterstaff of chaos!
Crazy Yiuf freezes you.
You closely miss Crazy Yiuf. You headbutt Crazy Yiuf!
Crazy Yiuf is moderately wounded.
Crazy Yiuf hits you with a +3 quarterstaff of chaos!
You hit Crazy Yiuf but do no damage.
Crazy Yiuf is moderately wounded.
Crazy Yiuf hits you with a +3 quarterstaff of chaos!
* * * LOW HITPOINT WARNING * * *
Crazy Yiuf freezes you.
* * * LOW HITPOINT WARNING * * *
Crazy Yiuf hits you with a +3 quarterstaff of chaos!
You die...

# # #########
♣♣♣♣♣##........
###
♣♣♣)♣..#...######
#.).#♣).♣.......#
#..)g@♣♣♣♣......#
#)..#♣♣
♣♣.#..####### ###
♣♣##........
#........
#.......#
#.......#
##......#
##...>..#
#.......#


You could see Crazy Yiuf.

Vanquished Creatures
  3 gnolls (D:2)
  5 endoplasms (D:1)
  A giant cockroach (D:1)
  3 hobgoblins
  A quokka (D:1)
  3 ball pythons (D:1)
  A bat (D:1)
  4 frilled lizards
  4 goblins
  3 rats
28 creatures vanquished.

Notes
Turn   | Place    | Note
-------+----------+-------------------------------------------
     0 | D:1      | MisterFreud the Minotaur Fighter began the quest for the
                  | Orb.
     0 | D:1      | Reached XP level 1. HP: 19/19 MP: 0/0
    82 | D:1      | Reached skill level 4 in Fighting
    89 | D:1      | Reached XP level 2. HP: 12/28 MP: 1/1
   769 | D:2      | Reached skill level 5 in Fighting
   769 | D:2      | Reached XP level 3. HP: 10/36 MP: 2/2
  1169 | D:2      | Found a runed translucent door.
  1170 | D:2      | Noticed Crazy Yiuf
  1176 | D:2      | HP: 1/37 [Crazy Yiuf/+3 quarterstaff of chaos (4)]
  1176 | D:2      | Demolished by Crazy Yiuf

Illustrated notes

Levels and vault maps discovered:
D:1:      amcnicky_arrival_choice, layout_basic, corexii_corridor_pit,
          st_stairs_9, ebering_dispersal_statue_hall, serial_bayou_lagoon_a
D:2:      layout_loops_cross, shapermc_ecumenical_altar_venn,
          uniq_crazy_yiuf_cottage

Skill      XL: |  1  2 |
---------------+-------+-----
Fighting       | 4 5 |  5.7
Long Blades    | |  2.4
Armour         | |  3.6
Shields        | |  3.6

Action                     || total
---------------------------++-------
  Melee: Long sword        ||    65
         Headbutt          ||    13
    Use: Scroll            ||     2
         Potion            ||     1
 Armour: Scale mail        ||    57
  Dodge: Dodged            ||    26
  Block: Buckler           ||    12
